 Dungeon Crawl Stone Soup version 0.20-b1-2-gc5a9893 (webtiles) character file.

267 Jawreze the Quickloader (level 6, -1/35 HPs)
             Began as a Kobold Hunter on May 21, 2017.
             Killed by nerve-wracking pain
             ... invoked by an orc priest
              (3 damage)
             ... on level 4 of the Dungeon.
             The game lasted 00:08:37 (3932 turns).

Jawreze the Quickloader (Kobold Hunter)             Turns: 3932, Time: 00:08:38

Health: -1/35      AC: 15    Str:  9    XL:     6   Next: 45%
Magic:  6/6        EV: 11    Int: 15    God:
Gold:   194        SH:  0    Dex: 15    Spells: 5/5 levels left

rFire    + . .     SeeInvis .   z - +1 short sword (protect)
rCold    . . .     Gourm    .   (shield restricted)
rNeg     + . .     Faith    .   A - +2 scale mail {rN+}
rPois    .         Spirit   .   (no helmet)
rElec    .         Reflect  .   (no cloak)
rCorr    .         Harm     .   (no gloves)
MR       .....                  (no boots)
Stlth    ..........             C - amulet of magic regeneration
Regen    0.2/turn               d - ring of flight
MPRegen  0.2/turn               x - ring of protection from fire

@: protection aura
A: carnivore 3
a: Evoke Flight


You were on level 4 of the Dungeon.
You were completely stuffed.

You visited 1 branch of the dungeon, and saw 4 of its levels.

You collected 194 gold pieces.

Inventory:

Hand Weapons
 a - a +1 hand crossbow
 t - a +0 hunting sling
 z - a +1 short sword of protection (weapon)
Missiles
 v - 20 sling bullets
 y - 96 stones (quivered)
 B - 21 bolts
Armour
 c - a +0 leather armour
 s - a +1 robe of cold resistance
 A - a +2 scale mail of positive energy (worn)
Jewellery
 d - a ring of flight (left hand)
 x - a ring of protection from fire (right hand)
 C - an amulet of magic regeneration (around neck)
Scrolls
 b - a scroll of magic mapping {unknown}
 e - a scroll of enchant weapon {unknown}
 h - 6 scrolls of identify {unknown}
 j - 4 scrolls of teleportation {unknown}
 k - 2 scrolls of random uselessness {unknown}
 m - a scroll of noise {unknown}
 n - a scroll of amnesia {unknown}
 u - a scroll of immolation {unknown}
Potions
 g - 3 potions of curing {unknown}
 i - a potion of magic {unknown}
 l - 4 potions of flight {unknown}
 o - a potion of brilliance {unknown}
 p - a potion of berserk rage {unknown}
 q - a potion of lignification {unknown}
 r - a potion of heal wounds
 w - a potion of agility {unknown}
Books
 D - a book of Necromancy

   Spells                             Type                      Level
   a - Pain                           Necromancy                   1
   b - Animate Skeleton               Necromancy                   1
   c - Vampiric Draining              Necromancy                   3
   d - Regeneration                   Charms/Necromancy            3
   e - Animate Dead                   Necromancy                   4
   f - Control Undead                 Necromancy                   4
Comestibles
 f - a meat ration


   Skills:
 - Level 2.1 Fighting
 + Level 8.8 Crossbows
 - Level 2.4 Dodging
 - Level 1.3 Stealth


You had 5 spell levels left.
You didn't know any spells.

Dungeon Overview and Level Annotations

Branches:
Dungeon (4/15)
 Temple: D:4-7

Altars:
Hepliaklqana

Shops:
D:4 *


Innate Abilities, Weirdness & Mutations

You are small and have problems with some larger weapons.
You are carnivorous and can eat meat at any time.


Message History

The orc priest is severely wounded.
The orc hits you but does no damage.
The orc priest casts a cantrip, but nothing happens.
You closely miss the orc priest.
The orc priest is severely wounded.
The orc hits you but does no damage.
The orc priest invokes the aid of Beogh against you.
Beogh smites you!
* * * LOW HITPOINT WARNING * * *
The orc hits you.
* * * LOW HITPOINT WARNING * * *
You hit the orc priest but do no damage.
Your weapon exudes an aura of protection.
The orc priest is severely wounded.
The orc priest barely misses you. The orc misses you.
You completely miss the orc priest.
The orc priest is severely wounded.
The orc priest mumbles some strange prayers to Beogh against you.
Pain shoots through your body!
You die...

#.#####....####.........###....##
#.# #.#.## ##.......## #......
#.# #.### ####.....## #.##### #.#
#.. .........# #.# #.# #.#
#.####+#.# #.# ..# #.#
###.####.#.# #.# ### [.
......#.#.# #.# #.##.#.#.#####.#
#oo@o..........#
.......##.....####### ..#####
##...## ≈ ##.## #.# #.# #.# #.#
#.#


You could see an orc priest and 2 orcs.

Vanquished Creatures
  Natasha (thrice) (D:2)
  Terence (D:2)
  A worker ant (D:4)
  6 adders
  An ooze (D:2)
  A worm (D:4)
  A dart slug (D:2)
  9 leopard geckos
  4 orcs
  7 bats
  5 giant cockroaches
  5 goblins
  4 hobgoblins
  3 jackals (D:2)
  A quokka (D:4)
  5 frilled lizards
  7 kobolds
  9 rats
73 creatures vanquished.

Notes
Turn   | Place    | Note
-------+----------+-------------------------------------------
     0 | D:1      | Jawreze the Kobold Hunter began the quest for the Orb.
     0 | D:1      | Reached XP level 1. HP: 12/12 MP: 1/1
    27 | D:1      | Reached skill level 5 in Crossbows
    56 | D:1      | Reached XP level 2. HP: 17/17 MP: 2/2
   504 | D:1      | Reached XP level 3. HP: 21/21 MP: 3/3
   639 | D:2      | Reached skill level 6 in Crossbows
   719 | D:2      | Noticed Natasha
   729 | D:2      | Killed Natasha
   729 | D:2      | Reached XP level 4. HP: 5/26 MP: 4/4
  1032 | D:2      | Found a hazy altar of Hepliaklqana.
  1032 | D:2      | Noticed Natasha
  1042 | D:2      | Killed Natasha
  1042 | D:2      | Reached skill level 7 in Crossbows
  1399 | D:2      | Reached XP level 5. HP: 30/30 MP: 5/5
  1463 | D:2      | Noticed Natasha
  1467 | D:2      | Killed Natasha
  1475 | D:2      | Noticed Terence
  2532 | D:3      | Reached skill level 8 in Crossbows
  2774 | D:3      | Reached XP level 6. HP: 33/35 MP: 6/6
  2984 | D:2      | Killed Terence
  3581 | D:4      | Found Byzo's Assorted Antiques.
  3932 | D:4      | Killed from afar by an orc priest

Skill      XL: |  1  2  3  4  5 |
---------------+----------------+-----
Crossbows      | 5 6 7 8 |  8.8
Fighting       | |  2.1
Dodging        | |  2.4
Stealth        | |  1.3

Action                   |  1- 3 |  4- 6 || total
-------------------------+-------+-------++-------
Melee: Short sword       |     1 |   228 ||   229
 Fire: Hand crossbow     |    52 |    11 ||    63
       Hunting sling     |       |    89 ||    89
 Stab: Sleeping          |       |     2 ||     2
       Distracted        |       |     1 ||     1
  Eat: Chunk             |     4 |    14 ||    18
Armor: Leather armour    |     4 |    13 ||    17
       Robe              |       |    19 ||    19
       Scale mail        |       |    43 ||    43
Dodge: Dodged            |     6 |   213 ||   219
